 Seeded DCSS version 0.30-a0-613-gdd512c7efb (webtiles) character file.

Game seed: 2050236378858804499 (custom seed)

256 purpskrrrp the Slasher (level 5, -2/43 HPs)
             Began as a Demonspawn Gladiator on Jan 8, 2023.
             Was an Initiate of Gozag.
             Slain by an ogre
             ... wielding a +0 giant spiked club
              (38 damage)
             ... on level 6 of the Dungeon.
             The game lasted 00:02:11 (1831 turns).

purpskrrrp the Slasher (Demonspawn Gladiator)       Turns: 1831, Time: 00:02:12

Health: -2/43      AC:  5    Str: 14    XL:     5   Next: 92%
Magic:  5/5        EV: 13    Int: 10    God:    Gozag
Gold:   312        SH:  0    Dex: 16    Spells: 4/4 levels left

rFire   . . .      SeeInvis .    a - +0 long sword
rCold   . . .      Faith    .    (no shield)
rNeg    . . .      Spirit   .    b - +0 leather armour
rPois   .          Reflect  .    (helmet restricted)
rElec   .          Harm     .    m - +0 cloak
rCorr   .          Rampage  .    (no gloves)
Will    .....                    (no boots)
Stlth   +                        (no amulet)
HPRegen 0.27/turn                (no ring)
MPRegen 0.09/turn                (no ring)

@: gold aura
A: horns 1, rugged brown scales 1, powered by death 2
a: Renounce Religion, Potion Petition, Call Merchant, Bribe Branch


You were on level 6 of the Dungeon.
You worshipped Gozag.
Gozag was aware of your devotion.
You visited 1 branch of the dungeon, and saw 4 of its levels.

You collected 312 gold pieces.

Inventory:

Hand Weapons
 a - a +0 long sword (weapon)
Missiles
 d - a throwing net (quivered)
 e - a javelin
Armour
 b - a +0 leather armour (worn)
 c - a +0 helmet
 m - a +0 cloak (worn)
Scrolls
 g - 3 scrolls of identify {unknown}
 i - a scroll of immolation {unknown}
 j - a scroll of magic mapping {unknown}
 l - 2 scrolls of teleportation {unknown}
 n - a scroll of summoning {unknown}
 o - 2 scrolls of silence {unknown}
 p - a scroll of noise {unknown}
Potions
 f - a potion of ambrosia {unknown}
 h - 2 potions of haste {unknown}
 k - a potion of mutation {unknown}
 q - a potion of might {unknown}
 r - 3 potions of flight {unknown}
 s - a potion of curing {unknown}


   Skills:
 + Level 4.0 Fighting
 * Level 4.7 Long Blades
 - Level 1.7 Throwing
 + Level 3.4 Dodging


You had 4 spell levels left.
You didn't know any spells.
Your spell library contained the following spells:

 Spells                   Type           Power      Damage    Failure   Level
 Hailstorm                Conj/Ice       0%         3d3       82%         3
 Ice Form                 Ice/Tmut       0%         N/A       99%         4
 Simulacrum               Ice/Necr       Unusable   N/A       N/A         6

Dungeon Overview and Level Annotations

Branches:
Dungeon (3/15)

Altars:
Gozag
Nemelex Xobeh


Innate Abilities, Weirdness & Mutations

You have a pair of small horns on your head.
You are partially covered in rugged brown scales. (AC +1, +3% HP)
You regenerate health from kills.


Message History

The hound is distracted by your dazzling golden aura.
A hound is nearby!
A hound is nearby!
Found a dented sapphire amulet.
The hound is no longer distracted by gold.
The hound bites you.
You slash the hound!
The hound is severely wounded.
The hound bites you but does no damage.
You closely miss the hound.
The hound is severely wounded.
The hound barely misses you. The hound bites you.
An ogre comes into view. It is wielding a +0 giant spiked club.
You barely miss the hound.
The hound is severely wounded.
The hound bites you. The hound misses you.
You closely miss the hound. Your headbutt misses the hound.
The hound is severely wounded.
The hound bites you but does no damage. The hound completely misses you.
You hit the hound. Your headbutt misses the hound.
The hound is severely wounded.
The hound bites you.
You closely miss the hound.
The hound is severely wounded.
The hound misses you.
The hound is distracted by your dazzling golden aura.
The ogre hits you with a +0 giant spiked club.
You strike the helpless hound from behind!
You hit the hound.
The hound is no longer distracted by gold.
Your headbutt misses the hound.
The hound is almost dead.
The hound barely misses you. The hound closely misses you.
You completely miss the hound.
The hound is almost dead.
The hound barely misses you.
The ogre hits you with a +0 giant spiked club!!!
Ouch! That really hurt!
You die...
Your body crumbles into a pile of gold.

# ####### #.####
....... #####.#...
..... ..........
... #.(..#..##h#
#....#...@O#
##....#...#.......
.....$....#####.##
.................
####....####....
.........'..# ."
###.#....##.# ..
#....##.#$ ##
#....##.#....


You could see an ogre and a hound.

Vanquished Creatures
  2 ogres (D:6)
  Jessica (D:3)
  An adder (D:2)
  A worm (D:2)
  2 dart slugs
  7 ball pythons
  5 bats
  4 endoplasms
  A giant cockroach (D:1)
  3 goblins
  4 hobgoblins
  A quokka (D:1)
  4 kobolds
  6 rats
42 creatures vanquished.

Vanquished Creatures (others)
  A plant (D:1)
1 creature vanquished.

Grand Total: 43 creatures vanquished

Notes
Turn   | Place    | Note
-------+----------+-------------------------------------------
     0 | D:1      | purpskrrrp the Demonspawn Gladiator began the quest for the
                  | Orb.
     0 | D:1      | Reached XP level 1. HP: 16/16 MP: 1/1
   156 | D:1      | Gained mutation: You regenerate a little health from kills.
                  | [demonic ancestry]
   156 | D:1      | Reached XP level 2. HP: 23/23 MP: 2/2
   222 | D:1      | Found a faded altar of an unknown god.
   238 | D:1      | Prayed at the altar of an unknown god.
   238 | D:1      | Became a worshipper of Gozag Ym Sagoz the Greedy
  1027 | D:2      | Gained mutation: You regenerate health from kills. [demonic
                  | ancestry]
  1027 | D:2      | Reached XP level 3. HP: 25/28 MP: 3/3
  1479 | D:2      | Found a sparkling altar of Nemelex Xobeh.
  1749 | D:3      | Noticed Jessica
  1764 | D:3      | Killed Jessica
  1765 | D:3      | Gained mutation: You have a pair of small horns on your
                  | head. [demonic ancestry]
  1765 | D:3      | Reached XP level 4. HP: 35/35 MP: 4/4
  1767 | D:3      | You fall into a shaft and drop 3 floors!
  1768 | D:6      | Noticed an ogre
  1774 | D:6      | Killed an ogre
  1775 | D:6      | Gained mutation: You are partially covered in rugged brown
                  | scales. (AC +1, +3% HP) [demonic ancestry]
  1775 | D:6      | Reached XP level 5. HP: 37/43 MP: 5/5
  1797 | D:6      | Noticed an ogre
  1807 | D:6      | Killed an ogre
  1825 | D:6      | Noticed an ogre
  1831 | D:6      | Slain by an ogre

Illustrated notes

Levels and vault maps discovered:
D:1:      lightli_arrival_maybe_door_vault, layout_basic,
          shapermc_ecumenical_altar_pompeii, chequers_serial_rivers_micro_e,
          minmay_shallow_snake_nest
D:2:      layout_basic, basic_altar, minivault_26, hangedman_decor_points,
          kennysheep_nub, feat_on_display
D:3:      layout_basic, serial_shops, nicolae_diamond_shop, nicolae_square_shop,
          shop, shop, shop, uniq_jessica
D:6:      layout_basic, serial_corexii_hall, corexii_hall_statues_deadend,
          corexii_hall_statues_s, nicolae_fountain_basement, uniq_sigmund

Skill      XL: |  1  2  3  4  5 |
---------------+----------------+-----
Long Blades    | 3 4 |  4.7
Fighting       | 3 4 |  4.0
Dodging        | 3 |  3.4
Throwing       | |  1.7

Action                   |  1- 3 |  4- 6 || total
-------------------------+-------+-------++-------
Melee: Long sword        |   109 |    18 ||   127
       Headbutt          |       |     4 ||     4
Throw: Throwing net      |       |     2 ||     2
       Javelin           |       |     1 ||     1
 Stab: Sleeping          |     3 |       ||     3
       Distracted        |     2 |     1 ||     3
       Held in net/web   |       |     2 ||     2
Armor: Leather armour    |    36 |     2 ||    38
Dodge: Dodged            |    59 |     8 ||    67

Table legend: (Time is in decaauts)
 A = Elapsed time spent in this place.
 B = Non-inter-level travel time spent in this place.
 C = Inter-level travel time spent in this place.
 D = Time resting spent in this place.
 E = Time spent auto-exploring this place.
 F = Levels seen in this place.
 G = Mean time per level.
                   A        B        C        D        E       F      G
               +--------+--------+--------+--------+--------+-----+--------+
         Total |   1859 |   1829 |     30 |      0 |   1508 |   4 |  464.8 |
       Dungeon |   1859 |   1829 |     30 |      0 |   1508 |   4 |  464.8 |
               +--------+--------+--------+--------+--------+-----+--------+

Top non-repeatable levels by time:
     D:1: 940 daAuts
     D:2: 831 daAuts
     D:6: 66 daAuts
     D:3: 20 daAuts
